 Dungeon Crawl Stone Soup version 0.20.1-1-g8b1a95d (webtiles) character file.

297 heybroken the Poker (level 6, -2/53 HPs)
             Began as a Hill Orc Monk on Aug 4, 2017.
             Slain by Edmund
             ... wielding a +1 dire flail of protection
              (4 damage)
             ... on level 3 of the Dungeon.
             The game lasted 00:20:52 (3210 turns).

heybroken the Poker (Hill Orc Monk)                 Turns: 3210, Time: 00:20:53

Health: -2/53      AC:  4    Str: 14    XL:     6   Next: 35%
Magic:  6/6        EV: 18    Int: 10    God:
Gold:   104        SH:  0    Dex: 22    Spells: 5/5 levels left

rFire    . . .     SeeInvis .   a - +0 spear
rCold    . . .     Gourm    .   (no shield)
rNeg     . . .     Faith    .   p - -1 troll leather armour (curse)
rPois    .         Spirit   .   (no helmet)
rElec    .         Reflect  .   (no cloak)
rCorr    .         Harm     .   q - +0 pair of gloves
MR       .....                  (no boots)
Stlth    +++.......             l - amulet of inaccuracy (curse)
Regen    0.6/turn               i - +2 ring of dexterity {o}
MPRegen  0.1/turn               h - ring of flight

@: agile, drained
A: no striking features
a: Evoke Flight


You were on level 3 of the Dungeon.
You were not hungry.

You visited 1 branch of the dungeon, and saw 4 of its levels.

You collected 104 gold pieces.

Inventory:

Hand Weapons
 a - a +0 spear (weapon)
 b - a +0 hunting sling
 g - a +0 hunting sling
Missiles
 m - 84 stones (quivered)
Armour
 p - a cursed -1 troll leather armour (worn)
 q - a +0 pair of gloves (worn)
Jewellery
 h - a ring of flight (right hand)
 i - a +2 ring of dexterity (left hand) {o}
 k - a cursed -5 ring of dexterity
 l - a cursed amulet of inaccuracy (around neck)
 o - an uncursed amulet of regeneration
 t - an uncursed ring of wizardry
Scrolls
 f - a scroll of blinking {unknown}
 j - 2 scrolls of amnesia {unknown}
 s - 4 scrolls of remove curse {unknown}
 x - 2 scrolls of teleportation {unknown}
Potions
 d - 2 potions of heal wounds {unknown}
 e - 2 potions of lignification {unknown}
 w - a potion of curing
Comestibles
 c - 3 bread rations
 r - 7 fruits
 u - 2 meat rations
 v - a royal jelly


   Skills:
 + Level 4.4(4.1) Fighting
 + Level 5.3(4.9) Polearms
 + Level 2.1(1.7) Throwing
 + Level 2.3(2.0) Armour
 + Level 3.0(2.6) Dodging
 + Level 1.9(1.5) Stealth


You had 5 spell levels left.
You didn't know any spells.

Dungeon Overview and Level Annotations

Branches:
Dungeon (4/15)             Temple (0/1) D:4

Altars:

Annotations:
D:3 Edmund, Grinder


Message History

You closely miss Edmund.
Edmund is lightly wounded.
The jackal bites you but does no damage.
The jackal closely misses you.
Edmund hits you with a dire flail of protection.
* * * LOW HITPOINT WARNING * * *
You hit Edmund.
Edmund is lightly wounded.
The jackal completely misses you. The jackal misses you.
The jackal stops to sniff the ground.
The jackal barely misses you. Edmund hits you but does no damage.
You hit Edmund.
Edmund is lightly wounded.
The jackal barely misses you. The jackal completely misses you. x2
You hit Edmund but do no damage.
Edmund is lightly wounded.
The jackal bites you.
* * * LOW HITPOINT WARNING * * *
Edmund hits you with a dire flail of protection.
You die...

#.# #.# #########.#
###.).((.##.#
###≈≈...≈≈....#
##≈≈≈≈...≈≈≈≈#.#
#≈≈≈##'''##≈≈≈≈≈≈
#≈≈≈#.....#≈≈≈≈≈≈≈.
#.@.#.....#.....≈≈≈
#@hh#.....#.g....≈≈
##g##.....##+##w.≈≈
#...#.....# ..≈≈
#...#.....#
#...#.....#
##'##.....##
#............
#........%...


You could see Edmund, 2 jackals and a goblin.

Vanquished Creatures
  The ghost of Frank the Skirmisher, an amateur OpMo (D:3)
  A scorpion (D:4)
  5 adders
  An ooze (D:3)
  A worm (D:3)
  2 dart slugs (D:2)
  7 leopard geckos
  An orc (D:4)
  6 bats
  4 giant cockroaches
  9 goblins
  6 hobgoblins
  7 kobolds
  3 quokkas
  4 frilled lizards
  5 rats
63 creatures vanquished.

Notes
Turn   | Place    | Note
-------+----------+-------------------------------------------
     0 | D:1      | heybroken the Hill Orc Monk began the quest for the Orb.
     0 | D:1      | Reached XP level 1. HP: 19/19 MP: 1/1
   380 | D:1      | Reached XP level 2. HP: 23/27 MP: 2/2
   938 | D:1      | Reached skill level 4 in Polearms
   938 | D:1      | Reached XP level 3. HP: 32/33 MP: 3/3
  1739 | D:2      | Reached skill level 1 in Throwing
  1739 | D:2      | Reached XP level 4. HP: 30/40 MP: 4/4
  2085 | D:3      | Noticed Frank's ghost (amateur OpMo)
  2134 | D:3      | Killed Frank's ghost
  2134 | D:3      | Reached skill level 5 in Polearms
  2134 | D:3      | Reached skill level 1 in Armour
  2134 | D:3      | Reached XP level 5. HP: 11/46 MP: 5/5
  2540 | D:3      | Noticed Grinder
  2545 | D:3      | Paralysed by Grinder for 2 turns
  2569 | D:3      | Paralysed by Grinder for 2 turns
  2585 | D:3      | Paralysed by Grinder for 3 turns
  2600 | D:3      | Paralysed by Grinder for 4 turns
  2668 | D:4      | Reached XP level 6. HP: 48/53 MP: 6/6
  2743 | D:4      | Found a staircase to the Ecumenical Temple.
  3064 | D:4      | Noticed Edmund
  3205 | D:3      | HP: 2/53 [jackal (2)]
  3210 | D:3      | HP: 2/53 [jackal (2)]
  3210 | D:3      | Slain by Edmund

Skill      XL: |  1  2  3  4  5  6 |
---------------+-------------------+-----
Polearms       | 4 5 |  5.3
Fighting       | 4 |  4.4
Throwing       | 1 2 |  2.1
Armour         | 1 2 |  2.3
Dodging        | 3 |  3.0
Stealth        | |  1.9

Action                   |  1- 3 |  4- 6 || total
-------------------------+-------+-------++-------
Melee: Spear             |   150 |   183 ||   333
Throw: Stone             |    72 |    80 ||   152
  Use: Scroll            |     4 |     1 ||     5
       Potion            |       |     4 ||     4
 Stab: Sleeping          |     1 |     2 ||     3
  Eat: Bread ration      |     1 |     1 ||     2
       Fruit             |       |     1 ||     1
       Chunk             |       |     1 ||     1
Armor: Robe              |     6 |       ||     6
       Leather armour    |     9 |       ||     9
       Troll leather arm |    17 |    33 ||    50
Dodge: Dodged            |    97 |   115 ||   212
